 Dungeon Sprint DCSS version 0.21-a0-349-g0c35859 (webtiles) character file.

18299 Kidiri the Warrior (level 12, -26/127 HPs)
             Began as a Red Draconian Berserker on Oct 7, 2017.
             Was a High Priest of Trog.
             Annihilated by a vampire knight
             ... wielding a +3 great sword of electrocution
              (27 damage)
             ... in the Dungeon (Sprint IX: "|||||||||||||||||||||||||||||").
             The game lasted 00:15:50 (3517 turns).

Kidiri the Warrior (Red Draconian Berserker)        Turns: 3517, Time: 00:15:51

Health: -26/127    AC: 14    Str: 27    XL:     12   Next: 26%
Magic:  5/5        EV: 23    Int:  7    God:    Trog [*****.]
Gold:   1932       SH:  0    Dex: 12    Spells: 11/11 levels left

rFire    + . .     SeeInvis .   a - +1 great mace (antimagic)
rCold    + . .     Gourm    .   (shield currently unavailable)
rNeg     . . .     Faith    .   (armour unavailable)
rPois    .         Spirit   .   (helmet restricted)
rElec    .         Reflect  .   (no cloak)
rCorr    .         Harm     .   y - +2 pair of gloves
MR       .....     NoTele   +   Q - +2 pair of boots {run}
Stlth    +.........             (no amulet)
HPRegen  0.31/turn              n - +2 ring of evasion
MPRegen  0.09/turn              o - +3 ring of strength

@: lethally poisoned (-26 -> -27), berserk cooldown, slowed, very slow
A: breathe fire, unfitting armour, claws 1, stinger 1, cold resistance 1, fire
resistance 1, cold-blooded, subdued magic 1, AC +8
a: Breathe Fire, Berserk, Trog's Hand, Brothers in Arms, Burn Spellbooks,
Renounce Religion


You were in the Dungeon.
You worshipped Trog.
Trog was extremely pleased with you.
You were not hungry.

You visited 1 branch You collected 1932 gold pieces.

Inventory:

Hand Weapons
 a - a +1 antimagic great mace (weapon)
 C - a +0 blowgun
Missiles
 k - 12 needles of sleeping
 p - 11 tomahawks of returning
 v - 10 tomahawks of dispersal
 w - 5 poisoned javelins (quivered)
 x - 13 needles of confusion
 B - 8 curare-tipped needles
 G - 4 tomahawks
Armour
 y - a +2 pair of gloves (worn)
 Q - a +2 pair of boots of running (worn)
Jewellery
 n - a +2 ring of evasion (left hand)
 o - a +3 ring of strength (right hand)
 r - an uncursed ring of protection from magic
 D - an uncursed ring of poison resistance
 E - an uncursed ring of protection from fire
 F - an uncursed ring of protection from fire
 H - an uncursed ring of fire
Wands
 j - a wand of lightning (2/15)
 m - a wand of iceblast (7/15)
Scrolls
 h - 2 scrolls of blinking
 l - 3 scrolls of remove curse
 s - 2 scrolls of fear
 u - 2 scrolls of fog
 M - a scroll of recharging
 O - 2 scrolls of enchant weapon
 P - a scroll of identify
Potions
 c - 8 potions of curing
 d - 2 potions of heal wounds
 e - 2 potions of haste
 f - 4 potions of magic
 g - a potion of berserk rage
 i - a potion of invisibility
 q - a potion of agility
 I - a potion of brilliance
 K - a potion of might
 L - a potion of mutation
Comestibles
 b - 13 bread rations
 z - 12 meat rations
 A - 27 fruits


   Skills:
 * Level 17.6 Fighting
 * Level 16.3 Maces & Flails
 + Level 11.1 Throwing
 * Level 15.1 Dodging
 + Level 6.1 Evocations


You had 11 spell levels left.
You didn't know any spells.

Dungeon Overview and Level Annotations

Branches:
Dungeon (1/1)

Altars:
Cheibriados
Dithmenos
Elyvilon
Fedhas
Gozag
Hepliaklqana
Kikubaaqudgha
Makhleb
Nemelex Xobeh
Okawaru
Qazlal
Ru
Sif Muna
Trog
Uskayaw
Vehumet
Wu Jian
Xom
Yredelemnul
Zin
The Shining One
Beogh
Jiyva
Lugonu

Shops:
D (%([


Innate Abilities, Weirdness & Mutations

You can breathe blasts of fire.
Your fiery red scales are hard. (AC +8)
You cannot fit into any form of body armour.
Your flesh is heat resistant. (rF+)
You are cold-blooded and may be slowed by cold attacks.
You have sharp fingernails.
Your tail ends in a poisonous barb.
Your flesh is cold resistant. (rC+)
Your spells are a little easier to cast, but a little less powerful.


Message History

Guard this area!
You feel sick.
Your deep troll bites the tengu warrior but does no damage.
Your deep troll claws the tengu warrior!
Your deep troll claws the tengu warrior!!
The tengu warrior dies!
Trog accepts your kill.
The stone giant throws a large rock.
The large rock hits your deep troll. Something barely misses you.
Something bites you!
* * * LOW HITPOINT WARNING * * *
Something draws strength from your injuries!
Unknown command.
Unknown command.
You bludgeon something!! Something hits you!!
* * * LOW HITPOINT WARNING * * *
You are electrocuted!
* * * LOW HITPOINT WARNING * * *
Something bites you but does no damage.
The stone giant throws a large rock.
The large rock hits your deep troll!!
The stone giant throws a large rock.
The large rock hits your deep troll. Something hits you!!
You die...

▓▓▓▓▓▓▓▓▓▓▓▓▓▓▓▓▓▓▓▓▓▓▓▓▓▓▓
[[[[[....(((...{@T))C{z....
▓▓▓▓▓▓▓▓▓▓▓▓▓▓▓▓▓▓▓▓▓▓▓▓▓▓▓▓▓▓▓▓▓
................................)
▓▓▓▓▓▓▓▓▓▓▓▓▓▓▓▓▓▓▓▓▓▓▓▓▓▓▓▓▓▓▓▓▓
'[)))))).....))))..∩.∩.∩.∩))...'.
▓▓▓▓▓▓▓▓▓▓▓▓▓▓▓▓▓▓▓▓▓▓▓▓▓▓▓▓▓▓▓▓▓
.................................
▓▓▓▓▓▓▓▓▓▓▓▓▓▓▓▓▓▓▓▓▓▓▓▓▓▓▓▓▓▓▓▓▓
....'÷.......)'........?...'..[[.


You could see a stone giant, a wight and a friendly deep troll (berserk).

Vanquished Creatures
  A frost giant (D)
  An ettin (D)
  A hydra (D)
  Erica (D)
  3 centaur warriors (D)
  A death knight (D)
  3 orc high priests (D)
  Sonja (D)
  A lindwurm (D)
  2 ugly things (D)
  An orc knight (D)
  An orc sorcerer (D)
  Joseph (D)
  A yaktaur (D)
  5 komodo dragons (D)
  2 tyrant leeches (D)
  A polar bear (shapeshifter) (D)
  A blink frog (D)
  3 hippogriffs (D)
  A yak (D)
  A basilisk (D)
  2 porcupines (D)
  A water moccasin (D)
  5 orc warriors (D)
  A necrophage (D)
  A centaur (D)
  2 crocodiles (D)
  3 bullfrogs (D)
  2 crimson imps (D)
  A hound (D)
  3 orc priests (D)
  2 orc wizards (D)
  A worker ant (D)
  5 worms (D)
  6 orcs (D)
  A bat skeleton (D)
  A bat zombie (D)
  2 goblins (D)
  A ball python (D)
  2 kobolds (D)
  A rat (D)
76 creatures vanquished.

Vanquished Creatures (collateral kills)
  2 two-headed ogres (D)
  A tengu warrior (D)
  2 orc high priests (D)
  2 orc knights (D)
  A cyclops (D)
  A vampire mosquito (D)
  5 orc warriors (D)
  A bullfrog (D)
  2 orc wizards (D)
  A worker ant (D)
  A shadow imp (D)
  5 orcs (D)
  A quokka skeleton (D)
25 creatures vanquished.

Grand Total: 101 creatures vanquished

Notes
Turn   | Place    | Note
-------+----------+-------------------------------------------
     0 | D        | Kidiri the Draconian Berserker began the quest for the Orb.
     0 | D        | Reached XP level 1. HP: 19/19 MP: 1/1
    15 | D        | Reached ** piety under Trog
   154 | D        | Noticed a hound
   154 | D        | Noticed a worker ant
   158 | D        | Killed a hound
   158 | D        | Reached skill level 4 in Fighting
   158 | D        | Reached skill level 1 in Throwing
   158 | D        | Reached XP level 2. HP: 28/28 MP: 2/2
   158 | D        | Reached XP level 3. HP: 35/35 MP: 3/3
   159 | D        | Reached *** piety under Trog
   164 | D        | Reached skill level 5 in Fighting
   164 | D        | Reached skill level 5 in Maces & Flails
   166 | D        | Reached **** piety under Trog
   176 | D        | Found a roughly hewn altar of Beogh.
   176 | D        | Found a snail-covered altar of Cheibriados.
   176 | D        | Found a shadowy altar of Dithmenos.
   176 | D        | Found a white marble altar of Elyvilon.
   176 | D        | Found a blossoming altar of Fedhas.
   176 | D        | Found an opulent altar of Gozag.
   177 | D        | Found a hazy altar of Hepliaklqana.
   178 | D        | Found a viscous altar of Jiyva.
   179 | D        | Found an ancient bone altar of Kikubaaqudgha.
   180 | D        | Found a corrupted altar of Lugonu.
   181 | D        | Found a burning altar of Makhleb.
   182 | D        | Found a sparkling altar of Nemelex Xobeh.
   183 | D        | Found an iron altar of Okawaru.
   184 | D        | Found a stormy altar of Qazlal.
   185 | D        | Found a sacrificial altar of Ru.
   186 | D        | Found a deep blue altar of Sif Muna.
   187 | D        | Found a bloodstained altar of Trog.
   188 | D        | Found a hide-covered altar of Uskayaw.
   189 | D        | Found a radiant altar of Vehumet.
   190 | D        | Found an ornate altar of the Wu Jian Council.
   191 | D        | Found a shimmering altar of Xom.
   192 | D        | Found a basalt altar of Yredelemnul.
   193 | D        | Found a glowing silver altar of Zin.
   194 | D        | Found a glowing golden altar of the Shining One.
   310 | D        | Noticed a centaur
   310 | D        | Noticed a necrophage
   310 | D        | Noticed a two-headed ogre
   310 | D        | Noticed a two-headed ogre
   312 | D        | Killed a centaur
   312 | D        | Reached skill level 6 in Fighting
   312 | D        | Reached skill level 5 in Dodging
   312 | D        | Reached XP level 4. HP: 45/45 MP: 4/4
   312 | D        | Reached XP level 5. HP: 51/51 MP: 5/5
   314 | D        | Reached skill level 7 in Fighting
   316 | D        | Killed a necrophage
   325 | D        | Killed a two-headed ogre
   325 | D        | Reached skill level 10 in Fighting
   325 | D        | Reached skill level 5 in Throwing
   325 | D        | Reached XP level 6. HP: 14/66 MP: 6/6
   325 | D        | Your scales start taking on a fiery red colour.
   325 | D        | Reached XP level 7. HP: 15/72 MP: 7/7
   325 | D        | Gained mutation: Your flesh is heat resistant. (rF+) [Red Draconian growth]
   326 | D        | Killed a two-headed ogre
   326 | D        | Reached skill level 10 in Maces & Flails
   326 | D        | Reached XP level 8. HP: 19/81 MP: 8/8
   326 | D        | Received a gift from Trog
   557 | D        | Noticed an eight-headed hydra
   557 | D        | Noticed a cyclops
   563 | D        | Killed an eight-headed hydra
   563 | D        | Reached skill level 11 in Fighting
   563 | D        | Reached skill level 10 in Dodging
   575 | D        | Received a gift from Trog
   576 | D        | Reached skill level 12 in Fighting
   577 | D        | Killed a cyclops
   577 | D        | Reached XP level 9. HP: 53/90 MP: 9/9
   728 | D        | Gained mutation: You tend to lose your temper in combat. [potion of mutation]
   728 | D        | Gained mutation: You have sharp fingernails. [potion of mutation]
   753 | D        | Noticed a komodo dragon
   753 | D        | Noticed a komodo dragon
   759 | D        | Killed a komodo dragon
   759 | D        | Reached ***** piety under Trog
   763 | D        | Received a gift from Trog
   764 | D        | Killed a komodo dragon
   764 | D        | Reached skill level 13 in Fighting
   820 | D        | Noticed a komodo dragon
   820 | D        | Noticed a komodo dragon
   820 | D        | Noticed a komodo dragon
   826 | D        | Killed a komodo dragon
   826 | D        | Received a gift from Trog
   828 | D        | Killed a komodo dragon
   828 | D        | Reached XP level 10. HP: 77/102 MP: 10/10
   839 | D        | Reached skill level 14 in Fighting
  1151 | D        | Received a gift from Trog
  1175 | D        | Noticed a lindwurm
  1177 | D        | Received a gift from Trog
  1181 | D        | Reached ****** piety under Trog
  1185 | D        | Killed a lindwurm
  1339 | D        | Noticed Sonja
  1344 | D        | Killed Sonja
  1344 | D        | Received a gift from Trog
  1615 | D        | Noticed Joseph
  1633 | D        | Killed Joseph
  1633 | D        | Received a gift from Trog
  1633 | D        | Reached skill level 15 in Fighting
  1785 | D        | Noticed an ettin
  1789 | D        | Killed an ettin
  1799 | D        | Received a gift from Trog
  1804 | D        | Noticed an orc knight
  1819 | D        | Killed an orc knight
  1819 | D        | Reached XP level 11. HP: 10/113 MP: 11/11
  1821 | D        | Received a gift from Trog
  1823 | D        | Received a gift from Trog
  2186 | D        | Noticed an orc high priest
  2191 | D        | Received a gift from Trog
  2194 | D        | Noticed an orc knight
  2208 | D        | Killed an orc high priest
  2208 | D        | Received a gift from Trog
  2208 | D        | Reached skill level 1 in Evocations
  2212 | D        | Killed an orc knight
  2225 | D        | Received a gift from Trog
  2546 | D        | Found Heiryoh's Antique Weapon Emporium.
  2546 | D        | Noticed an orc high priest
  2546 | D        | Noticed an orc high priest
  2546 | D        | Noticed an orc sorcerer
  2547 | D        | Received a gift from Trog
  2550 | D        | Noticed a sun demon
  2554 | D        | Noticed a sun demon
  2558 | D        | Killed an orc high priest
  2558 | D        | Reached skill level 16 in Fighting
  2558 | D        | Reached skill level 10 in Throwing
  2561 | D        | Killed an orc high priest
  2573 | D        | Gained mutation: Your magical capacity is low. (-10% MP) [a neqoxec]
  2599 | D        | Killed an orc sorcerer
  2599 | D        | Reached skill level 15 in Maces & Flails
  2641 | D        | Found Dexeulolai's Food Shoppe.
  2897 | D        | Found Buotzuot's Weapon Emporium.
  2901 | D        | Found Vekusap's Antique Armour Shoppe.
  2903 | D        | Noticed an orc high priest
  2904 | D        | Noticed an orc high priest
  2905 | D        | Noticed a soul eater
  2907 | D        | Noticed an orc knight
  2916 | D        | Killed an orc high priest
  2916 | D        | Received a gift from Trog
  2925 | D        | Killed an orc high priest
  2931 | D        | Killed an orc knight
  2931 | D        | Received a gift from Trog
  3199 | D        | Noticed Erica
  3211 | D        | Killed Erica
  3409 | D        | Lost mutation: Your magical capacity is low. (-10% MP) [potion of mutation]
  3409 | D        | Lost mutation: You tend to lose your temper in combat. [potion of mutation]
  3409 | D        | Gained mutation: Your spells are a little easier to cast, but a little less powerful. [potion of mutation]
  3409 | D        | Gained mutation: Your flesh is cold resistant. (rC+) [potion of mutation]
  3409 | D        | Gained mutation: Your tail ends in a poisonous barb. [potion of mutation]
  3443 | D        | Identified a +0 pair of boots of running (You found it in the Dungeon)
  3457 | D        | Noticed a centaur warrior
  3457 | D        | Noticed a centaur warrior
  3457 | D        | Noticed a centaur warrior
  3457 | D        | Noticed a death knight
  3458 | D        | Noticed a brown ugly thing
  3462 | D        | Killed a centaur warrior
  3463 | D        | Noticed a cyan ugly thing
  3469 | D        | Killed a centaur warrior
  3474 | D        | Killed a centaur warrior
  3474 | D        | Received a gift from Trog
  3474 | D        | Reached skill level 17 in Fighting
  3474 | D        | Reached skill level 5 in Evocations
  3480 | D        | Noticed a frost giant
  3490 | D        | Killed a death knight
  3490 | D        | Reached XP level 12. HP: 106/125 MP: 4/16
  3496 | D        | Noticed a tengu warrior
  3497 | D        | Received a gift from Trog
  3498 | D        | Noticed a vampire knight
  3500 | D        | Noticed a vampire mage
  3503 | D        | Killed a frost giant
  3503 | D        | Reached skill level 15 in Dodging
  3506 | D        | Noticed a stone giant
  3510 | D        | Received a gift from Trog
  3516 | D        | Killed a tengu warrior
  3517 | D        | HP: 1/127 [something (16)]
  3517 | D        | Annihilated by a vampire knight

Vault maps used:
D:        linesprint

Skill      XL: |  1  2  3  4  5  6  7  8  9 10 11 12 |
---------------+-------------------------------------+-----
Dodging        | 4 5 8 9 10 11 13 14 15 | 15.1
Fighting       | 4 6 10 12 13 15 17 | 17.6
Maces & Flails | 4 6 9 10 11 12 14 15 16 | 16.3
Throwing       | 1 3 5 6 7 8 9 10 11 | 11.1
Evocations     | 5 6 |  6.1

Action                   |  1- 3 |  4- 6 |  7- 9 | 10-12 || total
-------------------------+-------+-------+-------+-------++-------
Melee: Mace              |    26 |       |       |       ||    26
       Tailslap          |     5 |     1 |     4 |    29 ||    39
       Dire flail        |     1 |     7 |    29 |    85 ||   122
       Great mace        |       |       |       |    90 ||    90
 Fire: Blowgun           |       |       |       |     6 ||     6
Throw: Javelin           |       |       |       |    15 ||    15
       Tomahawk          |       |       |       |     2 ||     2
Invok: Berserk           |     2 |       |     1 |     6 ||     9
       Trog's Hand       |     1 |       |     1 |     2 ||     4
       Brothers in Arms  |       |     1 |     1 |     8 ||    10
 Abil: Breathe Fire      |       |       |     3 |     6 ||     9
  Use: Potion            |       |       |     1 |     2 ||     3
       Scroll            |       |       |       |     4 ||     4
 Stab: Confused          |       |       |       |     1 ||     1
  Eat: Chunk             |       |       |     4 |     6 ||    10
       Fruit             |       |       |       |    13 ||    13
       Meat ration       |       |       |       |     1 ||     1
Armor: Skin              |     3 |       |     7 |    22 ||    32
Dodge: Dodged            |    18 |    11 |    31 |   109 ||   169

Table legend:
 A = Spawn XP
 B = Non-spawn XP
 C = Spawn XP percentage of total XP
 D = Spawn monster count
 E = Non-spawn monster count
 F = Spawn count percentage of total count
 G = Total turns spent on level
                    A         B        C        D         E        F      G
               +---------+---------+-------+---------+---------+-------+---------
         Total |       0 |   26142 |   0.0 |       0 |     101 |   0.0 |  3517
               +---------+---------+-------+---------+---------+-------+---------
             D |       0 |   26142 |   0.0 |       0 |     101 |   0.0 |  3517
               +---------+---------+-------+---------+---------+-------+---------
